 Dungeon Crawl Stone Soup version 0.30-a0-760-g5a9884bb7c (webtiles) character file.

Game seed: 15379373142198139054

23 boo the Trooper (level 2, -1/27 HPs)
             Began as a Minotaur Fighter on Feb 11, 2023.
             Succumbed to an adder's poison
             ... on level 2 of the Dungeon.
             The game lasted 00:01:04 (1135 turns).

boo the Trooper (Minotaur Fighter)                  Turns: 1135, Time: 00:01:04

Health: -1/27      AC:  7    Str: 20    XL:     2   Next: 75%
Magic:  1/1        EV:  9    Int:  5    God:
Gold:   133        SH:  4    Dex:  9    Spells: 1/1 levels left

rFire   . . .      SeeInvis .    a - +0 long sword
rCold   . . .      Faith    .    c - +0 buckler
rNeg    . . .      Spirit   +    b - +0 scale mail
rPois   .          Reflect  .    (helmet restricted)
rElec   .          Harm     .    (no cloak)
rCorr   .          Rampage  .    (no gloves)
Will    .....                    (no boots) Stlth
                                 k - amulet of guardian spirit
HPRegen 0.24/turn                (no ring)
MPRegen 0.07/turn                (no ring)

@: lethally poisoned (-1 -> -8)
A: horns 2, retaliatory headbutt
a: no special abilities


You were on level 2 of the Dungeon.
You visited 1 branch of the dungeon, and saw 2 of its levels.

You collected 133 gold pieces.

Inventory:

Hand Weapons
 a - a +0 long sword (weapon)
Armour
 b - a +0 scale mail (worn)
 c - a +0 buckler (worn)
Jewellery
 k - an amulet of guardian spirit (around neck)
Scrolls
 e - a scroll of poison {unknown}
 j - 2 scrolls of identify {unknown}
 l - a scroll of noise {unknown}
Potions
 d - 2 potions of might
 f - a potion of brilliance {unknown}
 g - a potion of lignification {unknown}
 h - 3 potions of degeneration {unknown}
 i - a potion of magic {unknown}


   Skills:
 + Level 3.9 Fighting
 * Level 3.2 Long Blades
 + Level 3.9 Armour
 + Level 3.9 Shields


You had one spell level left.
You didn't know any spells.
Your spell library contained the following spells:

 Spells                   Type           Power      Damage    Failure   Level
 Necrotise                Necr           0%         1d4       89%         1
 Vampiric Draining        Necr           0%         2d6       99%         3
 Agony                    Necr           0%         N/A       100%        5


Dungeon Overview and Level Annotations

Branches:
Dungeon (2/15)

Altars:

Shops:
D:1 *


Innate Abilities, Weirdness & Mutations

You have a pair of horns on your head.
You reflexively headbutt those who attack you in melee.


Message History

You closely miss the adder. Your headbutt misses the adder.
The adder is heavily wounded.
You feel very sick.
The adder bites you but does no damage. x2; The adder bites you.
You are more poisoned.
The adder poisons you! The adder bites you but does no damage.
You miss the adder. Your headbutt misses the adder.
The adder is heavily wounded.
You feel sick. The adder bites you. The adder barely misses you.
The adder bites you.
You are more poisoned.
The adder poisons you!
You closely miss the adder.
The adder is heavily wounded.
You feel very sick. You block the adder's attack.
The adder bites you but does no damage. The adder bites you.
You are too injured to fight recklessly!
You are too injured to fight recklessly!
The adder attacks as you move away! The adder closely misses you.
You feel sick. The adder bites you but does no damage.
You feel sick. The adder bites you.
* * * LOW HITPOINT WARNING * * *
You feel sick.
You hit the adder. Your headbutt misses the adder.
The adder is heavily wounded.
* * * LOW HITPOINT WARNING * * *
You feel sick. The adder bites you.
* * * LOW HITPOINT WARNING * * *
You are lethally poisoned!
The adder poisons you! The adder bites you but does no damage.
You closely miss the adder.
The adder is heavily wounded.
* * * LOW HITPOINT WARNING * * *
You feel very sick. The adder bites you but does no damage.
You barely miss the adder.
You headbutt the adder, but do no damage.
The adder is heavily wounded.
You die...

#.........# ....
#.........# ....
########### .....
.....#### #####
?.......# #....
........# #....
........############
#....
#......SS@........#
#....
###....##########.#
#.... #....#
#.####.... ######
#......###
######.##. #.##.
#.##. #.##. #....


You could see 2 adders.

Vanquished Creatures
  A dart slug (D:1)
  A giant cockroach (D:2)
  3 goblins
  3 hobgoblins (D:1)
  3 jackals (D:1)
  4 ball pythons (D:1)
  2 bats
  A frilled lizard (D:2)
  A kobold (D:2)
19 creatures vanquished.

Notes
Turn   | Place    | Note
-------+----------+-------------------------------------------
     0 | D:1      | boo the Minotaur Fighter began the quest for the Orb.
     0 | D:1      | Reached XP level 1. HP: 19/19 MP: 0/0
   288 | D:1      | Found Kestri's General Store.
   292 | D:1      | Reached XP level 2. HP: 27/27 MP: 1/1
  1134 | D:2      | HP: 1/27 [poisoned by an adder]
  1135 | D:2      | Succumbed to an adder's poison

Illustrated notes

Levels and vault maps discovered:
D:1:      dpeg_arrival_simpleton_b, layout_basic, serial_shops,
          nicolae_shop_crystal
D:2:      layout_basic

Skill      XL: |  1  2 |
---------------+-------+-----
Long Blades    | 3 |  3.2
Fighting       | |  3.9
Armour         | |  3.9
Shields        | |  3.9

Action                     || total
---------------------------++-------
  Melee: Long sword        ||    59
         Headbutt          ||     8
 Armour: Scale mail        ||    27
  Dodge: Dodged            ||    25
  Block: Buckler           ||    21

Table legend: (Time is in decaauts)
 A = Elapsed time spent in this place.
 B = Non-inter-level travel time spent in this place.
 C = Inter-level travel time spent in this place.
 D = Time resting spent in this place.
 E = Time spent auto-exploring this place.
 F = Levels seen in this place.
 G = Mean time per level.
                   A        B        C        D        E       F      G
               +--------+--------+--------+--------+--------+-----+--------+
         Total |   1151 |   1140 |     11 |      0 |    983 |   2 |  575.5 |
       Dungeon |   1151 |   1140 |     11 |      0 |    983 |   2 |  575.5 |
               +--------+--------+--------+--------+--------+-----+--------+

Top non-repeatable levels by time:
     D:1: 759 daAuts
     D:2: 392 daAuts
